 Dungeon Crawl Stone Soup version 0.27.0-1-g7a089689b8 (webtiles) character file.

Game seed: 8454770774097038606

91 shakesphere1979 the Skirmisher (level 4, -6/41 HPs)
             Began as a Minotaur Chaos Knight on Aug 2, 2021.
             Was a Plaything of Xom.
             Mangled by Crazy Yiuf (11 damage)
             ... on level 2 of the Dungeon.
             The game lasted 00:06:56 (2069 turns).

shakesphere1979 the Skirmisher (MiCK)               Turns: 2069, Time: 00:06:56

Health: -6/41      AC:  6    Str: 16    XL:     4   Next: 34%
Magic:  0/3        EV: 12    Int:  9    God:    Xom [...*..]
Gold:   94         SH:  0    Dex: 11    Spells: 3/3 levels left

rFire    . . .     SeeInvis .   o - +0 spear (flame)
rCold    . . .     Faith    .   (no shield)
rNeg     . . .     Spirit   .   b - +2 leather armour
rPois    .         Reflect  .   (helmet restricted)
rElec    .         Harm     .   (no cloak)
rCorr    .         Rampage  .   (no gloves)
Will     .....                  m - +0 pair of boots
Stlth    +.........             (no amulet)
HPRegen  0.13/turn              (no ring)
MPRegen  0.08/turn              (no ring)

@: mighty
A: horns 2, retaliatory headbutt
a: Renounce Religion


You were on level 2 of the Dungeon.
You worshipped Xom.
You were a favourite toy of Xom.
You visited 1 branch of the dungeon, and saw 2 of its levels.

You collected 94 gold pieces.

Inventory:

Hand Weapons
 a - a +0 hand axe of chaos
 o - a +0 spear of flaming (weapon)
Missiles
 c - 36 stones (quivered)
 e - 6 bolts
 f - 11 sling bullets
 g - 2 javelins
 i - 26 arrows
 k - 13 boomerangs
 q - 21 poisoned darts
Armour
 b - a +2 leather armour (worn)
 m - a +0 pair of boots (worn)
Jewellery
 d - a ring of wizardry
 l - a ring of wizardry
Wands
 p - a wand of flame (19)
Scrolls
 j - a scroll of identify {unknown}
Potions
 h - a potion of might
 n - a potion of attraction {unknown}


   Skills:
 + Level 4.6 Fighting
 - Level 3.7 Axes
 + Level 3.7 Armour
 + Level 2.7 Dodging


You had 3 spell levels left.
You didn't know any spells.
Your spell library was empty.

Dungeon Overview and Level Annotations

Branches:
Dungeon (2/15)

Altars:
Xom

Annotations:
D:2 Crazy Yiuf


Innate Abilities, Weirdness & Mutations

You have a pair of horns on your head.
You reflexively headbutt those who attack you in melee.


Message History

You see here a worm corpse.
You see here a worm corpse.
Found a mace.
Found a runed translucent door.
Crazy Yiuf shouts!
Crazy Yiuf says, "My goal is simple.
It is a complete understanding of the universe, why it is as it is and why it exists at all."
Press: ? - help, v - describe, . - travel
Here: Crazy Yiuf, wielding a +3 quarterstaff of chaos, wearing a +0 cloak and carrying a wand of polymorph (7) (fire blocked by a runed translucent door)
The floor.
Unknown command.
Unknown command.
Unknown command.
Okay, then.
You open the door. You hit Crazy Yiuf. You burn Crazy Yiuf.
You headbutt Crazy Yiuf.
Crazy Yiuf is heavily wounded.
Crazy Yiuf hits you with a +3 quarterstaff of chaos!
You feel your power leaking away.
You completely miss Crazy Yiuf.
Crazy Yiuf is heavily wounded.
Crazy Yiuf hits you with a +3 quarterstaff of chaos!
Crazy Yiuf burns you.
You hit Crazy Yiuf but do no damage. Your headbutt misses Crazy Yiuf.
Crazy Yiuf is heavily wounded.
Crazy Yiuf waves his quarterstaff at you.
Crazy Yiuf hits you with a +3 quarterstaff of chaos.
* * * LOW HITPOINT WARNING * * *
Crazy Yiuf burns you.
* * * LOW HITPOINT WARNING * * *
You barely miss Crazy Yiuf.
Crazy Yiuf is heavily wounded.
Crazy Yiuf hits you with a +3 quarterstaff of chaos.
* * * LOW HITPOINT WARNING * * *
You hit Crazy Yiuf. You burn Crazy Yiuf.
Crazy Yiuf is heavily wounded.
Crazy Yiuf misses you.
It was a potion of might.
You feel very mighty all of a sudden.
Xom thinks this is hilarious!
Crazy Yiuf hits you with a +3 quarterstaff of chaos!
You die...

#.# #..#...#...# #.#
##.......### #.#
##.#.#.## #.# #######
####.# .....#
##########♣♣ ### #
##....♣♣ ♣♣#..)#
######......♣♣♣♣@g...#
.............♣..♣#...#
########....♣.♣♣♣ ###
###♣♣♣♣♣


You could see Crazy Yiuf.

Vanquished Creatures
  2 gnolls
  An adder (D:2)
  3 worms (D:2)
  4 ball pythons
  7 endoplasms
  2 giant cockroaches (D:1)
  4 goblins
  2 hobgoblins
  2 jackals (D:1)
  3 quokkas
  4 bats
  2 frilled lizards (D:2)
  6 kobolds
  3 rats
45 creatures vanquished.

Vanquished Creatures (collateral kills)
  A gnoll (D:2)
  A worm (D:2)
  A dart slug (D:2)
3 creatures vanquished.

Grand Total: 48 creatures vanquished

Notes
Turn   | Place    | Note
-------+----------+-------------------------------------------
     0 | D:1      | shakesphere1979 the Minotaur Chaos Knight began the quest
                  | for the Orb.
     0 | D:1      | Reached XP level 1. HP: 19/19 MP: 0/0
    99 | D:1      | Reached XP level 2. HP: 27/27 MP: 1/1
   249 | D:1      | Reached skill level 4 in Fighting
   297 | D:1      | Found a faded altar of an unknown god.
   340 | D:1      | XOM: divination: detect creatures
   459 | D:1      | XOM: silly message
   559 | D:1      | Reached XP level 3. HP: 31/33 MP: 2/2
  1038 | D:2      | XOM: enchant monster (good)
  1126 | D:2      | XOM: god gift: 8 boomerangs
  1254 | D:2      | Reached XP level 4. HP: 40/41 MP: 3/3
  1330 | D:2      | XOM: scenery: create altars
  1443 | D:2      | XOM: summons friendly ice devil
  1720 | D:2      | XOM: 3-stop teleportation journey
  2059 | D:2      | Found a runed translucent door.
  2060 | D:2      | Noticed Crazy Yiuf
  2069 | D:2      | Mangled by Crazy Yiuf

Illustrated notes

Levels and vault maps discovered:
D:1:      dpeg_arrival_signposts, layout_rooms,
          hellmonk_ecumenical_altar_slurped_away
D:2:      minmay_angry_zag, layout_loops_ring, minmay_between,
          uniq_crazy_yiuf_cottage

Skill      XL: |  1  2 |
---------------+-------+-----
Fighting       | 4 |  4.6
Armour         | 3 |  3.7
Dodging        | 2 |  2.7
Axes           | |  3.7

Action                   |  1- 3 |  4- 6 || total
-------------------------+-------+-------++-------
Melee: Hand axe          |    71 |    15 ||    86
       Headbutt          |    13 |     9 ||    22
       Spear             |       |    21 ||    21
Throw: Stone             |     1 |       ||     1
       Boomerang         |     1 |       ||     1
  Use: Potion            |       |     1 ||     1
 Stab: Petrified         |     2 |       ||     2
Armor: Leather armour    |    24 |     7 ||    31
Dodge: Dodged            |    32 |    16 ||    48
